AoeStats
← nLife GScott

Black Forest

510850913Analyzed
2v2 RM · 24h ago on Oct 2, 2026· 59m 16s· 4 players
Game mode
Random Map
Map size
Medium (4 player)
Population
200
Speed
Normal
Resources
Standard
Victory
Conquest
Starting age
Dark Age
Ending age
Imperial Age
RankedLock teamsTeams togetherTeam positionsShared explorationLock speedFull tech treeHidden civsTurbo modeCheats
Victory
Defeat
🇬🇧 Bohemians · United Kingdom
645
+13
🇨🇿 Italians · Czechia
526
+19
🇵🇱 Celts · Poland
609
-17
🇬🇧 Japanese · United Kingdom
550
-15
Marryhuan84
2:26 Loom
14:00 Feudal Age
14:28 Double-Bit Axe
15:20 Wheelbarrow
22:14 Castle Age
20:14 Horse Collar
23:34 Bow Saw
26:48 Hand Cart
28:14 Wagenburg Tactics
31:47 Caravan
32:18 Coinage
37:57 Imperial Age
37:21 Fortified Wall
39:35 Conscription
42:23 Two-Man Saw
41:55 Forging
41:46 Scale Mail Armor
41:37 Fletching
41:47 Padded Archer Armor
41:53 Elite Hussite Wagon
43:49 Chemistry
43:10 Ballistics
43:15 Siege Engineers
43:53 Houfnice
47:25 Banking
47:06 Guilds
47:25 Heavy Plow
47:47 Chain Mail Armor
48:07 Iron Casting
47:28 Bodkin Arrow
47:49 Leather Archer Armor
47:40 Scale Barding Armor
58:23 Heavy Scorpion
58:24 Onager
58:24 Capped Ram
nLife GScott
0:28 Loom
16:38 Feudal Age
17:05 Horse Collar
18:47 Double-Bit Axe
18:54 Stone Mining
18:55 Gold Mining
26:29 Castle Age
24:13 Man-at-Arms
27:49 Bow Saw
27:43 Heavy Plow
28:21 Stone Shaft Mining
27:12 Long Swordsman
31:14 Caravan
33:15 Wheelbarrow
38:39 Imperial Age
40:04 Conscription
40:53 Hand Cart
41:41 Two-Man Saw
41:15 Crop Rotation
40:31 Elite Genoese Crossbowman
42:51 Heated Shot
44:03 Chemistry
43:24 Ballistics
43:40 Padded Archer Armor
43:30 Fletching
43:58 Forging
45:52 Two-Handed Swordsman
48:32 Bodkin Arrow
48:53 Leather Archer Armor
49:13 Iron Casting
MandrakePOE
1:18 Loom
17:21 Feudal Age
21:34 Double-Bit Axe
23:49 Fletching
24:48 Horse Collar
28:13 Castle Age
26:49 Wheelbarrow
26:15 Stone Mining
26:15 Gold Mining
29:19 Bow Saw
30:58 Hand Cart
32:05 Murder Holes
32:20 Fortified Wall
36:01 Imperial Age
33:53 Bodkin Arrow
36:20 Arson
36:36 Squires
36:29 Guard Tower
38:00 Conscription
40:54 Two-Man Saw
40:11 Yasama
43:25 Thumb Ring
43:31 Town Watch
44:09 Ballistics
43:35 Arrowslits
44:03 Caravan
44:39 Heavy Plow
46:38 Town Patrol
48:25 Keep
48:08 Elite Samurai
49:09 Conscription
michal.czeszynski
15:44 Feudal Age
16:33 Double-Bit Axe
16:33 Horse Collar
16:48 Gold Mining
16:48 Stone Mining
23:14 Castle Age
22:11 Fletching
22:31 Forging
22:22 Padded Archer Armor
22:22 Scale Mail Armor
22:28 Scale Barding Armor
25:29 Heavy Plow
26:47 Bow Saw
27:22 Wheelbarrow
26:32 Town Watch
29:21 Husbandry
28:43 Light Cavalry
33:47 Imperial Age
32:14 Guard Tower
32:20 Murder Holes
32:46 Ballistics
32:40 Fortified Wall
32:41 Masonry
32:07 Pikeman
33:20 Chain Mail Armor
33:26 Chain Barding Armor
35:08 Gold Shaft Mining
35:34 Hand Cart
35:22 Town Patrol
36:23 Hoardings
36:09 Conscription
36:10 Stronghold
37:32 Iron Casting
37:30 Caravan
40:01 Chemistry
39:07 Siege Engineers
41:01 Keep
40:33 Hussar
41:49 Cavalier
45:06 Blast Furnace
44:22 Leather Archer Armor
44:38 Plate Mail Armor
44:04 Bodkin Arrow
44:23 Paladin
45:55 Elite Woad Raider
47:49 Elite Skirmisher
49:49 Ring Archer Armor
57:10 Furor Celtica
Connection lost

Rejoining the realm…

Still unreachable

The connection could not be restored.

Session expired

The server has moved on; the page needs a fresh start.